 Dungeon Crawl Stone Soup version 0.27.1-1-g398f81649c (webtiles) character file.

Game seed: 13420806340185249497

105 speeev33 the Vandal (level 4, 0/38 HPs)
             Began as a Minotaur Hunter on Sept 17, 2021.
             Slain by a river rat (6 damage)
             ... on level 3 of the Dungeon.
             The game lasted 00:06:25 (1990 turns).

speeev33 the Vandal (Minotaur Hunter)               Turns: 1990, Time: 00:06:26

Health: 0/38       AC:  7    Str: 16    XL:     4   Next: 53%
Magic:  3/3        EV: 10    Int:  8    God:
Gold:   83         SH:  0    Dex: 12    Spells: 3/3 levels left

rFire    . . .     SeeInvis .   b - +0 trident
rCold    . . .     Faith    .   (no shield)
rNeg     . . .     Spirit   .   g - +1 scale mail
rPois    .         Reflect  .   (helmet restricted)
rElec    .         Harm     .   (no cloak)
rCorr    .         Rampage  .   (no gloves)
Will     .....                  (no boots)
Stlth    ..........             (no amulet)
HPRegen  0.12/turn              (no ring)
MPRegen  0.08/turn              (no ring)

@: very slow
A: horns 2, retaliatory headbutt
a: no special abilities


You were on level 3 of the Dungeon.
You visited 1 branch of the dungeon, and saw 3 of its levels.

You collected 83 gold pieces.

Inventory:

Hand Weapons
 a - a +1 hunting sling
 b - a +0 trident (weapon)
Missiles
 d - 19 sling bullets
 f - 50 stones
Armour
 g - a +1 scale mail (worn)
Scrolls
 h - 2 scrolls of enchant armour
Potions
 c - 2 potions of resistance
 e - 2 potions of brilliance {unknown}
 i - a potion of mutation {unknown}
 k - a potion of curing {unknown}


   Skills:
 + Level 3.4 Fighting
 + Level 1.6 Polearms
 * Level 5.4 Slings
 + Level 2.2 Armour
 - Level 2.1 Dodging
 - Level 0.7 Stealth


You had 3 spell levels left.
You didn't know any spells.
Your spell library contained the following spells:

 Spells                   Type           Power      Damage    Failure   Level
 Slow                     Hex            0%         N/A       94%         2
 Confusing Touch          Hex            0%         N/A       99%         3
 Vampiric Draining        Necr           0%         2d6       99%         3


Dungeon Overview and Level Annotations

Branches:
Dungeon (3/15)

Altars:
Hepliaklqana

Shops:
D:2 ?([=*


Innate Abilities, Weirdness & Mutations

You have a pair of horns on your head.
You reflexively headbutt those who attack you in melee.


Message History

You puncture the worm!
You kill the worm!
You hit the worm.
The worm is moderately wounded.
The worm closely misses you.
You puncture the worm!
The worm is heavily wounded.
The worm bites you.
You puncture the worm!
The worm is almost dead.
You hit the worm.
You kill the worm!
f - 50 stones (gained 1) Unknown command.
You enter the shallow water.
Moving in this stuff is going to be slow.
A river rat comes into view.
The river rat bites you but does no damage.
The river rat bites you!
You hit the river rat but do no damage. The river rat closely misses you.
You furiously retaliate!
You headbutt the river rat, but do no damage.
You hit the river rat but do no damage. The river rat bites you.
You barely miss the river rat.
The river rat bites you but does no damage.
Your unstable footing causes you to fumble your attack.
The river rat bites you.
* * * LOW HITPOINT WARNING * * *
Your unstable footing causes you to fumble your attack.
The river rat bites you but does no damage.
The river rat bites you.
* * * LOW HITPOINT WARNING * * *
You hit the river rat.
The river rat is lightly wounded.
The river rat bites you but does no damage.
The river rat bites you.
* * * LOW HITPOINT WARNING * * *
You hear the brisk rusting of a drain very nearby.
The river rat bites you.
You die... #.# #PPPP##

##. #.# ###### ##
#.### #...# #.###
# #.# #≈#≈####
#†# #≈≈≈≈≈≈#
#.##########≈#
#.##≈≈≈≈≈@r≈≈#
#.##.##≈≈#≈#≈####
#.......≈.≈≈≈≈≈
#######.....≈....
#............
##...........
###########.


You could see a river rat.

Vanquished Creatures
  Jessica (D:2)
  2 adders
  A river rat (D:3)
  2 worms (D:3)
  2 dart slugs
  6 endoplasms
  A giant cockroach (D:1)
  4 goblins
  3 hobgoblins
  6 kobolds
  4 ball pythons
  4 bats
  2 frilled lizards
  7 rats
45 creatures vanquished.

Vanquished Creatures (others)
  2 plants (D:3)
  5 withered plants (D:3)
7 creatures vanquished.

Grand Total: 52 creatures vanquished

Notes
Turn   | Place    | Note
-------+----------+-------------------------------------------
     0 | D:1      | speeev33 the Minotaur Hunter began the quest for the Orb.
     0 | D:1      | Reached XP level 1. HP: 18/18 MP: 0/0
   159 | D:1      | Reached skill level 1 in Armour
   199 | D:1      | Reached XP level 2. HP: 25/25 MP: 1/1
  1207 | D:2      | Found Zotwiu's Jewellery Boutique.
  1261 | D:2      | Found a hazy altar of Hepliaklqana.
  1351 | D:2      | Found Kicseff's General Store.
  1360 | D:2      | Reached XP level 3. HP: 31/31 MP: 2/2
  1477 | D:2      | Found Ilapt's Weapon Boutique.
  1529 | D:2      | Found Gijibe's Magic Scroll Shoppe.
  1531 | D:2      | Noticed Jessica
  1536 | D:2      | Killed Jessica
  1537 | D:2      | Reached skill level 1 in Polearms
  1537 | D:2      | Reached skill level 5 in Slings
  1604 | D:2      | Found Cer Makkyxko's Armour Shop.
  1641 | D:2      | Reached XP level 4. HP: 38/38 MP: 3/3
  1859 | D:3      | Found a faded altar of an unknown god.
  1990 | D:3      | Slain by a river rat

Illustrated notes

Levels and vault maps discovered:
D:1:      scummos_arrival_gate, layout_basic, serial_curves, eino_curves_02,
          eino_curves_01, minmay_split_cup_small
D:2:      layout_basic, serial_shops, nicolae_diamond_shop, shop, shop, shop,
          shop, basic_altar, uniq_jessica
D:3:      layout_loops_ring, gammafunk_temple_overflow_wave,
          shapermc_ecumenical_altar_flowoftime, lightli_sewer_entry_pipes,
          kennysheep_cross_room

Skill      XL: |  1  2  3 |
---------------+----------+-----
Armour         | 1 2 |  2.2
Fighting       | 3 |  3.4
Polearms       | 1 |  1.6
Slings         | 5 |  5.4
Dodging        | |  2.1
Stealth        | |  0.7

Action                   |  1- 3 |  4- 6 || total
-------------------------+-------+-------++-------
Melee: Trident           |     1 |    42 ||    43
       Headbutt          |       |     8 ||     8
 Fire: Hunting sling     |    79 |    19 ||    98
  Use: Scroll            |     3 |     1 ||     4
Armor: Leather armour    |     4 |       ||     4
       Scale mail        |       |    11 ||    11
Dodge: Dodged            |    10 |     7 ||    17
